 Dungeon Crawl Stone Soup version 0.22-a0-252-gcace5d2 (webtiles) character file.

674048 Partyfoot the Slayer (level 27, -21/242 HPs)
             Began as a Demonspawn Fighter on Feb 28, 2018.
             Was a High Priest of Okawaru.
             Killed from afar by Zaykhlid the pandemonium lord (103 damage)
             ... with a great icy blast
             ... on level 11 of the Dungeon on Mar 1, 2018.
             The game lasted 05:24:56 (67925 turns).

Partyfoot the Slayer (Demonspawn Fighter)          Turns: 67925, Time: 05:24:57

Health: -21/242    AC: 24    Str: 24      XL:     27
Magic:  0/30       EV: 34    Int: 10      God:    Okawaru [*****.]
Gold:   4495       SH: 34    Dex: 32 (33) Spells: 26/26 levels left

rFire    + + .     SeeInvis .   O - +6 eveningstar "Newtslayer" {crush, rPois Str-2 Dex+3}
rCold    . . .     Gourm    .   L - +0 large shield
rNeg     + + +     Faith    .   C - +10 plate armour {rPois}
rPois    +         Spirit   +   i - -2 hat "Hero's Friend" {rN+ Regen+ Dex+4}
rElec    .         Reflect  .   J - scarf {Spirit}
rCorr    .         Harm     .   A - +0 pair of gloves of Ynoaqox {-Cast rF+ rN+ MR+++}
MR       +++++     Clarity  +   (boots unavailable) Stlth +.........Rnd*Tele +
                                x - amulet "Bihaul" {rF+ MR+ Regen+ Dex+2}
HPRegen  0.00/turn NoCast   +   E - ring of Phasing {EV+8}
MPRegen  0.22/turn              a - +6 ring of dexterity

@: hasted, very quick
A: antennae 1, talons 3, large bone plates 3, agile 1, blurry vision 1, clarity,
deformed body, deterioration 1, negative energy resistance 1, nightstalker 3,
screaming 1, inhibited regeneration, spiny 3, 50% torment resistance,
teleportitis 1, black mark
0: Orb of Zot
}: 3/15 runes: decaying, silver, gossamer
a: Heroism, Finesse, Renounce Religion


You were on level 11 of the Dungeon.
You worshipped Okawaru.
Okawaru was extremely pleased with you.
You were not hungry.

You visited 10 branches of the dungeon, and saw 50 of its levels.
You also visited: Ossuary and Ice Cave.

You collected 8585 gold pieces.
You spent 4090 gold pieces at shops.

Inventory:

Hand Weapons
 N - a +0 arbalest
 O - the +6 eveningstar "Newtslayer" (weapon) {crush, rPois Str-2 Dex+3}
   (Okawaru gifted it to you on level 4 of the Lair of Beasts)

   It inflicts extra damage upon your enemies.
   It affects your strength (-2).
   It affects your dexterity (+3).
   It protects you from poison.
 P - a +9 eveningstar of flaming
Missiles
 y - 10 poisoned javelins (quivered)
Armour
 i - the -2 hat "Hero's Friend" (worn) {rN+ Regen+ Dex+4}
   (You acquired it on level 3 of the Elven Halls)

   It affects your dexterity (+4).
   It protects you from negative energy.
   It increases your rate of regeneration.
 A - the +0 pair of gloves of Ynoaqox (worn) {-Cast rF+ rN+ MR+++}
   (You found it on level 3 of the Elven Halls)

   It protects you from fire.
   It protects you from negative energy.
   It affects your resistance to hostile enchantments.
   It prevents spellcasting.
 C - a +10 plate armour of poison resistance (worn)
 J - a scarf of spirit shield (worn)
 L - a +0 large shield (worn)
 T - the +2 pair of gloves of Ru's Hope {rC+ Dex+3}
   (You found it on level 3 of the Elven Halls)

   It affects your dexterity (+3).
   It protects you from cold.
Jewellery
 a - a +6 ring of dexterity (right hand)
 c - an uncursed ring of resist corrosion
 h - an uncursed ring of protection from cold
 u - the necklace of Bloodlust {*Rage +Rage MR++ Int-3 Slay+6 *Curse}
   (You found it on level 5 of the Dungeon)

   [amulet of rage]

   It affects your intelligence (-3).
   It affects your accuracy and damage with ranged weapons and melee attacks
   (+6).
   It affects your resistance to hostile enchantments.
   It lets you go berserk.
   It may make you go berserk in combat.
   It curses itself when equipped.
 v - an uncursed ring of protection from magic {unknown}
 x - the amulet "Bihaul" (around neck) {rF+ MR+ Regen+ Dex+2}
   (You found it on level 2 of the Depths)

   [amulet of regeneration]

   It affects your dexterity (+2).
   It protects you from fire.
   It affects your resistance to hostile enchantments.
   It increases your rate of regeneration.
 E - the ring of Phasing (left hand) {EV+8}
   (You bought it in a shop on level 5 of the Depths)

   [ring of evasion]

   It affects your evasion (+8).
 I - a +5 ring of strength
Wands
 b - a wand of acid (19)
 m - a wand of iceblast (46)
 p - a wand of disintegration (12)
 s - a wand of clouds (11)
 z - a wand of digging (11)
 S - a wand of polymorph (17)
Scrolls
 e - 29 scrolls of teleportation
 g - 5 scrolls of summoning
 k - 5 scrolls of fog
 n - 30 scrolls of remove curse
 o - 23 scrolls of identify
 t - 6 scrolls of enchant weapon
 w - a scroll of silence
 D - 4 scrolls of fear
 F - 9 scrolls of blinking
 M - 2 scrolls of amnesia
 Q - a scroll of brand weapon
Potions
 d - 3 potions of resistance
 l - 3 potions of heal wounds
 q - 5 potions of ambrosia
 r - a potion of cancellation
 B - 21 potions of curing
 G - 7 potions of agility
 H - 4 potions of mutation
 K - 3 potions of haste
 R - 6 potions of berserk rage
 W - 2 potions of invisibility
Miscellaneous
 j - 5 boxes of beasts
 U - a fan of gales
 V - a lamp of fire
 X - 2 phantom mirrors
 Y - a phial of floods
 Z - a phial of floods
Comestibles
 f - 71 rations


   Skills:
 + Level 25.2 Fighting
 - Level 16.0 Maces & Flails
 + Level 21.9 Armour
 - Level 20.0 Dodging
 + Level 22.3 Shields
 - Level 10.0 Invocations
 - Level 10.0 Evocations


You had 26 spell levels left.
You didn't know any spells.

Dungeon Overview and Level Annotations

Branches:
Dungeon (15/15)            Temple (1/1) D:5            Lair (6/6) D:8
  Swamp (4/4) Lair:3       Spider (4/4) Lair:4        Slime (0/5) Lair:5
    Orc (2/2) D:11            Elf (3/3) Orc:2        Vaults (5/5) D:13
  Crypt (0/3) Vaults:3     Depths (5/5) D:15            Zot (5/5) Depths:5

Altars:
Ashenzari
Cheibriados
Fedhas
Gozag
Hepliaklqana
Kikubaaqudgha
Makhleb
Nemelex Xobeh
Okawaru
Qazlal
Ru
Sif Muna
Trog
Uskayaw
Vehumet
Wu Jian
Xom
Yredelemnul
The Shining One
Beogh

Shops:
D:4 (   D:9 (   Orc:2 ?=*[(   Vaults:2 ?   Depths:5 =}=

Portals:
Hell: Depths:1 Depths:2 Depths:3 Depths:4 Depths:5
Abyss: Depths:4 Depths:5
Pandemonium: Depths:1 Depths:2 Depths:3
Ziggurat: Depths:1

Annotations:
D:7 2 transporters
Depths:5 exclusion: orange crystal statue
Zot:3 1 transporter


Innate Abilities, Weirdness & Mutations

You have claws for feet.
You are completely covered in large bone plates. (SH +8)
You resist negative energy. (rN+)
You are completely attuned to the shadows.
You are completely covered in sharp spines.
You are somewhat able to resist unholy torments (1 in 2 success).
Your melee attacks may debilitate your foes.
You have a pair of small antennae on your head.
You are agile. (Dex +2)
Scrolls take you a little longer to read.
You possess an exceptional clarity of mind.
Armour fits poorly on your strangely shaped body.
Your body sometimes deteriorates upon taking damage.
You occasionally shout uncontrollably at your foes.
You do not regenerate when monsters are visible.
You are occasionally teleported next to monsters.


Message History

Zaykhlid conjures a mighty blast of ice!
The great icy blast engulfs the small abomination.
The small abomination is destroyed!
The great icy blast engulfs you!
Your body deteriorates!
You feel clumsy.
You climb upwards.
There is a stone staircase leading down here.
Really read with blurry vision while enemies are nearby?
Okay, then.
You feel extremely strange.
Your magic regains its normal vibrancy.
You feel a little healthier. A pair of antennae grows on your head!
You feel stronger. Zaykhlid gestures at you.
The bolt of negative energy misses you. You block Zaykhlid's attack.
You feel yourself speed up. The ice encasing you melts away.
Zaykhlid gestures at you.
Zaykhlid conjures a mighty blast of ice!
The great icy blast engulfs you!
You die...

...........# ...........#
...........######################
...).......'.....................
....)([....######################
....)[.......)....).)............
.....((....#####################.
................ยง............#
#. #########...###.@&...........#
#. #...# #..............# #.
#...###..............# #.
#...##...............# #.
#########...##.......######### #.
...<........##.......# #.
...........###.......# #.
...........# #.......# #.
...........# #..>....# #.


You could see Zaykhlid.

Vanquished Creatures
  3 ancient liches
  7 orbs of fire
  Mara (Vaults:5)
  3 juggernauts
  A pandemonium lord (Depths:4)
  Saint Roka (Orc:2)
  4 Killer Klowns (Zot:5)
  12 golden dragons
  3 caustic shrikes (Depths:4)
  2 bone dragons (Depths:5)
  Jorgrun (Vaults:5)
  2 electric golems
  A Brimstone Fiend (Depths:1)
  20 tentacled monstrosities
  22 Orb Guardians
  An Ice Fiend (Depths:1)
  13 titans
  11 quicksilver dragons
  A quicksilver dragon (shapeshifter) (Vaults:5)
  4 deep elf master archers (Elf:3)
  3 liches
  5 deep elf blademasters (Elf:3)
  7 sphinxes
  9 death cobs
  Agnes (Elf:1)
  Kirke (Lair:4)
  A thorn hunter (Swamp:3)
  14 storm dragons
  9 tengu reavers
  Donald (Spider:4)
  11 shadow dragons
  3 draconian monks
  Roxanne (D:15)
  7 frost giants
  4 draconian knights
  7 deep elf sorcerers
  7 iron dragons
  12 fire giants
  2 balrugs (Depths:1)
  4 ghost moths
  Aizul (Elf:1)
  4 draconian stormcallers
  A curse skull (Depths:2)
  2 orc warlords
  3 emperor scorpions
  19 vault wardens
  2 draconian shifters (Zot:2)
  2 draconian annihilators
  5 draconian scorchers
  21 ironheart preservers
  2 spriggan defenders (Depths:4)
  31 very ugly things
  3 deep elf elementalists
  2 war gargoyles
  A caustic shrike skeleton (Depths:2)
  The ghost of MatthieuS the Summoner, a journeyman TeSu of Ashenzari (Spider:3)
  24 stone giants
  7 deep elf demonologists
  5 vampire knights
  11 black draconians
  7 green draconians
  An entropy weaver (Spider:1)
  10 purple draconians
  A lorocyproca (Depths:3)
  6 yellow draconians
  11 deep elf annihilators
  13 white draconians
  7 spark wasps
  9 red draconians
  A spark wasp (shapeshifter) (Vaults:3)
  2 blizzard demons (Depths:1)
  Snorg (Lair:3)
  A green death (Depths:2)
  A crystal guardian (Vaults:4)
  34 yaktaur captains
  13 ettins
  20 fire dragons
  8 deep elf death magi
  7 great orbs of eyes
  5 deep elf high priests
  39 vault guards
  21 ogre magi
  Erolcha (D:9)
  5 rakshasas
  22 ice dragons
  A quicksilver dragon skeleton (Depths:2)
  3 ghost crabs
  23 hydras
  A merfolk avatar (Lair:6)
  8 spriggan air magi
  49 two-headed ogres
  3 catoblepae
  27 dancing weapons
  12 centaur warriors
  9 alligators
  5 tengu warriors
  11 deep troll earth magi
  9 deep troll shamans
  A hell hog (Depths:4)
  8 small abominations
  3 death yaks (D:8)
  5 spriggan berserkers
  A titan zombie (Vaults:5)
  A two-headed ogre (shapeshifter) (Vaults:5)
  19 deep elf knights
  5 orc high priests
  6 spriggans
  A shock serpent (shapeshifter) (Vaults:3)
  2 soul eaters
  5 sun demons (Depths:1)
  22 skeletal warriors
  2 iron trolls (Depths:1)
  10 hell knights
  2 shadow wraiths
  A storm dragon skeleton (Depths:2)
  8 unseen horrors
  8 swamp dragons
  39 deep trolls
  A sea snake (Lair:6)
  7 spriggan druids
  Pikel (D:9)
  The ghost of Oroborous the Reanimator, a novice DsNe of Okawaru (D:8)
  2 gelid demonspawn
  A glowing orange brain (Vaults:4)
  3 lindwurms (Swamp:4)
  6 wizards
  A golden dragon skeleton (Depths:2)
  3 flayed ghosts (Depths:4)
  9 deep elf archers
  13 orc knights
  2 harpies
  68 deep elf magi
  8 necromancers
  15 ironbrand convokers
  2 shambling mangroves (Swamp:4)
  A frost giant zombie (Vaults:4)
  16 orb spiders
  3 shadow dragon skeletons (Depths:2)
  42 wolf spiders
  4 manticores
  66 ugly things
  5 orc sorcerers
  28 moths of wrath
  2 tengu skeletons (Depths:2)
  A sphinx skeleton (Depths:2)
  21 elephants
  8 cyclopes
  2 stone giant skeletons (Depths:2)
  2 centaur zombies
  2 frost giant skeletons (Depths:2)
  5 fire giant skeletons
  A naga mage (D:15)
  An orange demon (Depths:2)
  2 black mambas
  12 vault sentinels
  A gargoyle (D:11)
  A rust devil (Depths:3)
  A torpor snail (Spider:3)
  9 spiny frogs
  2 yaktaur zombies (Vaults:5)
  A human zombie (Vaults:4)
  15 demonic crawlers
  12 komodo dragons
  A tengu conjurer (D:15)
  3 kobold demonologists
  10 freezing wraiths
  A yaktaur (shapeshifter) (Elf:2)
  54 yaktaurs
  5 rime drakes
  6 ice devils (Depths:1)
  A hellwing (Depths:2)
  5 elf skeletons (Depths:2)
  A queen bee (Lair:3)
  3 red devils
  5 polar bears
  A merfolk (shapeshifter) (Depths:3)
  5 trolls
  23 hornets
  2 tengu simulacra (Vaults:5)
  A hornet (shapeshifter) (D:13)
  A wind drake (Lair:6)
  4 blink frogs (Lair:3)
  Grinder (D:5)
  30 jumping spiders
  A queen bee (shapeshifter) (Vaults:1)
  2 wind drakes (shapeshifter)
  6 tyrant leeches
  33 slime creatures
  Prince Ribbit (D:7)
  7 bog bodies
  A snapping turtle (shapeshifter) (Vaults:3)
  A slime creature (shapeshifter) (Vaults:4)
  An ettin zombie (Depths:2)
  A raiju (shapeshifter) (Vaults:1)
  A hippogriff (shapeshifter) (Vaults:1)
  9 hippogriffs
  4 spriggan skeletons (Depths:2)
  4 air elementals
  48 redbacks
  7 water elementals
  Sigmund (D:5)
  A spriggan (shapeshifter) (Vaults:1)
  4 shadows
  5 wyverns
  12 flying skulls (Depths:2)
  13 large abominations
  15 yaks
  4 hogs (D:7)
  35 tarantellas
  A human (D:7)
  6 wraiths
  2 basilisks
  A golden eye (shapeshifter) (Vaults:2)
  A yak (shapeshifter) (Depths:4)
  A fire elemental (Elf:3)
  An elf simulacrum (Vaults:5)
  2 hungry ghosts (D:11)
  2 chaos spawn (Depths:5)
  6 wargs
  21 insubstantial wisps
  16 vampire mosquitoes
  35 swamp worms
  A two-headed ogre zombie (D:11)
  A soldier ant (shapeshifter) (Vaults:4)
  A soldier ant (D:15)
  4 acid dragons
  12 water moccasins
  A floating eye (Depths:3)
  14 swamp drakes
  8 hell hounds (Depths:4)
  12 porcupines
  18 ice beasts
  47 orc warriors
  3 eyes of draining
  2 phantoms
  A black bear (Lair:2)
  6 sky beasts
  46 ogres
  6 wolves (Lair:2)
  2 ogres (shapeshifter)
  23 centaurs
  14 crocodiles
  4 elf zombies
  8 big kobolds
  4 earth elementals
  16 bullfrogs
  A water moccasin zombie (D:13)
  A scorpion (shapeshifter) (Vaults:5)
  A wyvern skeleton (D:10)
  4 scorpions
  35 killer bees
  2 howler monkeys
  7 wights
  An electric eel (D:15)
  9 crimson imps
  A quasit (Depths:2)
  10 hounds
  A bullfrog zombie (D:13)
  11 jellies
  3 centaur skeletons
  18 orc priests
  Ijyb (D:5)
  2 iron imps (Depths:2)
  4 bullfrog skeletons
  2 iguanas
  Terence (D:2)
  2 hell rats (D:8)
  26 orc wizards
  9 worker ants
  7 ogre zombies (D:11)
  2 hound skeletons
  3 mummies
  2 worker ant zombies
  4 gnolls
  A river rat (D:8)
  15 adders
  2 shadow imps
  2 white imps
  3 ufetubi
  An ooze (shapeshifter) (Vaults:2)
  6 oozes
  An adder zombie (D:9)
  An adder skeleton (D:4)
  2 worms (D:2)
  A dart slug (D:2)
  4 leopard geckos
  73 orcs
  10 bats
  A giant cockroach (shapeshifter) (Vaults:5)
  12 giant cockroaches
  3 gnoll zombies (Ossuary)
  12 goblins
  11 hobgoblins
  12 jackals
  5 quokkas
  4 ball pythons
  6 frilled lizards
  2 gnoll skeletons (Ossuary)
  3 goblin skeletons (D:11)
  4 goblin zombies
  3 hobgoblin skeletons
  7 hobgoblin zombies
  19 kobolds
  A kobold skeleton (Ossuary)
  4 kobold zombies (Ossuary)
  A leopard gecko zombie (D:8)
  3 orc skeletons (D:11)
  11 orc zombies
  9 rats
  A rat skeleton (Ossuary)
  2 crawling corpses (Vaults:4)
  2 fungi
2493 creatures vanquished.

Vanquished Creatures (others)
  A hydra (Swamp:1)
  A hell hog (Depths:4)
  3 moths of wrath
  2 elephants (Lair:5)
  A komodo dragon (Swamp:2)
  A small abomination (D:12)
  A human (Lair:4)
  Menkaure (Ossuary)
  2 slaves (D:9)
  A mummy (Ossuary)
  An orc (Orc:1)
  5 gnoll skeletons (Ossuary)
  A gnoll zombie (Ossuary)
  2 goblin skeletons (Ossuary)
  2 goblin zombies (Ossuary)
  5 hobgoblin skeletons (Ossuary)
  4 hobgoblin zombies (Ossuary)
  6 kobold skeletons (Ossuary)
  3 kobold zombies (Ossuary)
  An orc zombie (Ossuary)
  2 rat skeletons (Ossuary)
  2 rat zombies (Ossuary)
  9 fungi
  A pillar of salt (Vaults:4)
  6 plants
64 creatures vanquished.

Grand Total: 2557 creatures vanquished

Notes
Turn   | Place    | Note
-------+----------+-------------------------------------------
     0 | D:1      | Partyfoot the Demonspawn Fighter began the quest for the Orb.
     0 | D:1      | Reached XP level 1. HP: 18/18 MP: 1/1
   253 | D:1      | Gained mutation: You are slightly more attuned to the shadows. [demonic ancestry]
   253 | D:1      | Reached XP level 2. HP: 19/24 MP: 2/2
   832 | D:1      | Gained mutation: You are partially covered in sharp spines. [demonic ancestry]
   832 | D:1      | Reached XP level 3. HP: 29/29 MP: 3/3
  1105 | D:2      | Noticed Terence
  1113 | D:2      | Killed Terence
  1221 | D:2      | Reached XP level 4. HP: 24/35 MP: 4/4
  1703 | D:2      | Found a sparkling altar of Nemelex Xobeh.
  2135 | D:3      | Found a glowing golden altar of the Shining One.
  2418 | D:3      | Gained mutation: You have sharp toenails. [demonic ancestry]
  2418 | D:3      | Reached XP level 5. HP: 40/42 MP: 5/5
  2765 | D:4      | Found a sand-covered staircase.
  2770 | Ossuary  | Entered an ossuary
  2936 | Ossuary  | Killed Menkaure
  3241 | D:4      | Noticed an ogre
  3247 | D:4      | Killed an ogre
  3247 | D:4      | Reached skill level 4 in Fighting
  3328 | D:4      | Gained mutation: You are partially covered in large bone plates. (SH +4) [demonic ancestry]
  3328 | D:4      | Reached XP level 6. HP: 48/48 MP: 6/6
  3389 | D:4      | Found a deep blue altar of Sif Muna.
  3589 | D:4      | Found Huci's Weapon Shop.
  4056 | D:5      | Entered Level 5 of the Dungeon
  4097 | D:5      | Noticed Sigmund
  4107 | D:5      | Reached XP level 7. HP: 23/55 MP: 7/7
  4384 | D:5      | Noticed Grinder
  4669 | D:5      | Killed Sigmund
  4669 | D:5      | Reached skill level 5 in Maces & Flails
  4685 | D:5      | Found a glowing golden altar of the Shining One.
  4799 | D:5      | Reached skill level 5 in Fighting
  5010 | D:5      | Found a staircase to the Ecumenical Temple.
  5024 | Temple   | Entered the Ecumenical Temple
  5126 | Temple   | Became a worshipper of Warmaster Okawaru
  5212 | D:5      | Paralysed by Grinder for 4 turns
  5225 | D:5      | Killed Grinder
  5225 | D:5      | Reached XP level 8. HP: 55/62 MP: 8/8
  5280 | D:5      | Found a radiant altar of Vehumet.
  5293 | D:5      | Noticed Ijyb
  5311 | D:5      | Killed Ijyb
  5411 | D:5      | Reached * piety under Okawaru
  5426 | D:5      | Reached skill level 5 in Armour
  5426 | D:5      | Reached skill level 5 in Shields
  5460 | D:5      | Found the cursed necklace of Bloodlust {*Rage +Rage MR++ Int-3 Slay+6 *Curse}
  5643 | D:6      | Found a stormy altar of Qazlal.
  5668 | D:6      | Reached skill level 1 in Invocations
  5671 | D:6      | Reached skill level 1 in Evocations
  5955 | D:6      | Found a blossoming altar of Fedhas.
  6238 | D:7      | Noticed a hippogriff
  6241 | D:7      | Reached skill level 6 in Fighting
  6241 | D:7      | Gained mutation: You are significantly more attuned to the shadows. [demonic ancestry]
  6241 | D:7      | Reached XP level 9. HP: 69/69 MP: 10/10
  6246 | D:7      | Reached ** piety under Okawaru
  6280 | D:7      | Noticed a two-headed ogre
  6282 | D:7      | Found a transporter.
  6283 | D:7      | Noticed a troll
  6284 | D:7      | Noticed an ice dragon
  6293 | D:7      | Found a shimmering altar of Xom.
  6304 | D:7      | Found a transporter.
  6412 | D:7      | Noticed Prince Ribbit
  6423 | D:7      | Killed Prince Ribbit
  7049 | D:8      | Reached *** piety under Okawaru
  7064 | D:8      | Noticed Oroborous's ghost (novice DsNe)
  7079 | D:8      | Killed Oroborous's ghost
  7079 | D:8      | Reached skill level 5 in Invocations
  7079 | D:8      | Reached XP level 10. HP: 72/77 MP: 10/13
  7141 | D:8      | Noticed a two-headed ogre
  7535 | D:8      | Reached skill level 7 in Fighting
  7606 | D:8      | Found an ornate altar of the Wu Jian Council.
  7709 | D:8      | Noticed a death yak
  7710 | D:8      | Noticed a death yak
  7729 | D:8      | Killed a death yak
  7732 | D:8      | Noticed a death yak
  7733 | D:8      | Killed a death yak
  7742 | D:8      | Killed a death yak
  7742 | D:8      | Reached **** piety under Okawaru
  7822 | D:8      | Reached skill level 5 in Evocations
  7970 | D:8      | Found a staircase to the Lair.
  8205 | D:8      | Killed a two-headed ogre
  8205 | D:8      | Reached skill level 8 in Fighting
  8710 | D:9      | Gained mutation: You are completely attuned to the shadows. [demonic ancestry]
  8710 | D:9      | Reached XP level 11. HP: 71/86 MP: 11/14
  8828 | D:9      | Reached skill level 10 in Maces & Flails
  8892 | D:9      | Found Jomaet's Weapon Emporium.
  9054 | D:9      | Noticed Pikel
  9064 | D:9      | Noticed a two-headed ogre
  9066 | D:9      | Killed Pikel
  9077 | D:9      | Killed a two-headed ogre
  9285 | D:9      | Found a snail-covered altar of Cheibriados.
  9344 | D:9      | Found a basalt altar of Yredelemnul.
  9346 | D:9      | Noticed a two-headed ogre
  9351 | D:9      | Found a hide-covered altar of Uskayaw.
  9357 | D:9      | Killed a two-headed ogre
  9357 | D:9      | Reached ***** piety under Okawaru
  9513 | D:9      | Noticed Erolcha
  9521 | D:9      | Killed Erolcha
  9703 | D:10     | Entered Level 10 of the Dungeon
  9887 | D:10     | Received a gift from Okawaru
  9990 | D:10     | Reached skill level 9 in Fighting
 10666 | D:11     | Received a gift from Okawaru
 10667 | D:11     | Found the +3 hat of Pondering {ponderous, MR+ MP+10 Int+5}
 10680 | D:11     | Gained mutation: You are agile. (Dex +2) [a neqoxec]
 10936 | D:11     | Found a staircase to the Orcish Mines.
 10972 | D:11     | Noticed an orc sorcerer
 10998 | D:11     | Noticed a soul eater
 11010 | D:11     | Killed an orc sorcerer
 11368 | D:11     | Noticed a white ugly thing
 11606 | D:11     | Reached XP level 12. HP: 92/96 MP: 15/15
 12158 | D:11     | Noticed a two-headed ogre
 12163 | D:11     | Killed a two-headed ogre
 13109 | Lair:1   | Entered Level 1 of the Lair of Beasts
 13256 | Lair:1   | Reached skill level 10 in Fighting
 13356 | Lair:1   | Found a frozen archway.
 13491 | IceCv    | Entered an ice cave
 13842 | Lair:1   | Noticed a five-headed hydra
 13848 | Lair:1   | Killed a five-headed hydra
 14551 | Lair:2   | Noticed a five-headed hydra
 14560 | Lair:2   | Killed a five-headed hydra
 14907 | Lair:2   | Got a crude scale mail
 14908 | Lair:2   | Identified the cursed +0 scale mail of Youthful Indiscretion {rC- MR+ Str+3} (You found it on level 2 of the Lair of Beasts)
 15569 | Lair:3   | Noticed a catoblepas
 15584 | Lair:3   | Killed a catoblepas
 15587 | Lair:3   | Reached skill level 10 in Shields
 15591 | Lair:3   | Noticed an eight-headed hydra
 15597 | Lair:3   | Killed an eight-headed hydra
 15597 | Lair:3   | Received a gift from Okawaru
 15597 | Lair:3   | Gained mutation: You are mostly covered in large bone plates. (SH +6) [demonic ancestry]
 15597 | Lair:3   | Reached XP level 13. HP: 30/105 MP: 16/16
 16006 | Lair:3   | Reached skill level 11 in Fighting
 16042 | Lair:3   | Received a gift from Okawaru
 16605 | Lair:3   | Noticed Snorg
 16617 | Lair:3   | Killed Snorg
 16789 | Lair:3   | Found a staircase to the Swamp.
 18006 | Lair:4   | Received a gift from Okawaru
 18009 | Lair:4   | Got a shimmering eveningstar {god gift}
 18010 | Lair:4   | Identified the +6 eveningstar "Newtslayer" {crush, rPois Str-2 Dex+3} (Okawaru gifted it to you on level 4 of the Lair of Beasts)
 18507 | Lair:4   | Found a hole to the Spider Nest.
 18942 | Lair:4   | Noticed Kirke
 18954 | Lair:4   | Killed Kirke
 19583 | Lair:5   | Received a gift from Okawaru
 20088 | Lair:5   | Reached skill level 1 in Dodging
 20096 | Lair:5   | Gained mutation: You are completely covered in large bone plates. (SH +8) [demonic ancestry]
 20096 | Lair:5   | Reached XP level 14. HP: 25/114 MP: 11/18
 20466 | Lair:5   | Found a staircase to the Slime Pits.
 20647 | Lair:5   | Reached ****** piety under Okawaru
 20647 | Lair:5   | Reached skill level 12 in Fighting
 20679 | Lair:5   | Received a gift from Okawaru
 20686 | Lair:5   | Got a smoking chain mail {god gift}
 20687 | Lair:5   | Identified the +5 chain mail of the Planets {Str+3 Dex+3} (Okawaru gifted it to you on level 5 of the Lair of Beasts)
 21013 | Lair:6   | Entered Level 6 of the Lair of Beasts
 21505 | Lair:6   | Got a polished cloak
 21506 | Lair:6   | Identified the +0 cloak of Ru {rF+ rC- Int+2} (You found it on level 6 of the Lair of Beasts)
 22036 | Lair:6   | Found the +2 Maxwell's thermic engine {flame, freeze, rF- rC-}
 22079 | Lair:6   | Reached skill level 15 in Maces & Flails
 23137 | Orc:1    | Entered Level 1 of the Orcish Mines
 23183 | Orc:1    | Noticed an orc warlord
 23195 | Orc:1    | Killed an orc warlord
 23631 | Orc:2    | Entered Level 2 of the Orcish Mines
 23643 | Orc:2    | Found Xinocipt's Magic Scroll Emporium.
 23654 | Orc:2    | Bought a scroll of silence for 82 gold pieces
 23716 | Orc:2    | Found a staircase to the Elven Halls.
 23875 | Orc:2    | Gained mutation: You possess an exceptional clarity of mind. [a neqoxec]
 23941 | Orc:2    | Noticed Saint Roka
 23978 | Orc:2    | Killed Saint Roka
 23978 | Orc:2    | Received a gift from Okawaru
 24353 | Orc:2    | Noticed an orc warlord
 24369 | Orc:2    | Killed an orc warlord
 24570 | Orc:2    | Reached skill level 5 in Dodging
 24582 | Orc:2    | Received a gift from Okawaru
 25157 | Orc:2    | Reached XP level 15. HP: 116/120 MP: 21/21
 25226 | Orc:2    | Found Dukhlaf's Antique Armour Shop.
 25226 | Orc:2    | Found Wuevairr's General Store.
 25227 | Orc:2    | Found Tarph's Jewellery Shop.
 25237 | Orc:2    | Found Pumeirom's Antique Weapon Boutique.
 25940 | Spider:1 | Entered Level 1 of the Spider Nest
 26121 | Spider:1 | Received a gift from Okawaru
 26273 | Spider:1 | You fall through a shaft!
 27110 | Spider:1 | Found a roughly hewn altar of Beogh.
 27534 | Spider:3 | Noticed MatthieuS's ghost (journeyman TeSu)
 27542 | Spider:3 | Killed MatthieuS's ghost
 27598 | Spider:3 | Received a gift from Okawaru
 27930 | Spider:3 | Reached skill level 10 in Invocations
 28109 | Spider:3 | Gained mutation: You have razor-sharp toenails. [demonic ancestry]
 28109 | Spider:3 | Reached XP level 16. HP: 118/127 MP: 23/23
 28588 | Spider:4 | Entered Level 4 of the Spider Nest
 29080 | Spider:4 | Noticed Donald
 29091 | Spider:4 | Killed Donald
 29468 | Spider:4 | Received a gift from Okawaru
 30148 | Spider:4 | Got a gossamer rune of Zot
 30369 | Swamp:1  | Entered Level 1 of the Swamp
 30940 | Swamp:1  | Reached skill level 10 in Dodging
 31256 | Swamp:1  | Received a gift from Okawaru
 31683 | Swamp:2  | Found a shimmering altar of Xom.
 32694 | Swamp:3  | Reached XP level 17. HP: 133/133 MP: 24/24
 32921 | Swamp:4  | Entered Level 4 of the Swamp
 33977 | Swamp:4  | Received a gift from Okawaru
 34128 | Swamp:3  | Reached skill level 10 in Armour
 34425 | Swamp:4  | Got a decaying rune of Zot
 34434 | Swamp:4  | Received a gift from Okawaru
 34980 | Orc:2    | Bought a scroll of enchant weapon for 82 gold pieces
 34980 | Orc:2    | Bought a scroll of enchant weapon for 82 gold pieces
 35018 | Orc:2    | Bought an uncursed ring of protection from fire for 375 gold pieces
 35018 | Orc:2    | Bought an uncursed ring of protection from cold for 375 gold pieces
 35087 | Elf:1    | Entered Level 1 of the Elven Halls
 35089 | Elf:1    | Noticed Agnes
 35097 | Elf:1    | Killed Agnes
 35117 | Elf:1    | Found a radiant altar of Vehumet.
 35519 | Elf:1    | Noticed Aizul
 35533 | Elf:1    | Killed Aizul
 36189 | Elf:1    | Identified Kikubaaqudgha's Grimoire of Evil Magic
 36532 | Elf:2    | Received a gift from Okawaru
 36877 | Elf:2    | Reached skill level 13 in Fighting
 37113 | Elf:2    | Reached XP level 18. HP: 143/143 MP: 23/25
 37494 | Elf:2    | Found a huge runed gate.
 37494 | Elf:2    | Found a huge runed gate.
 37494 | Elf:2    | Found a huge runed gate.
 37494 | Elf:2    | Found a huge runed gate.
 37494 | Elf:2    | Found a huge runed gate.
 37778 | Elf:2    | Received a gift from Okawaru
 38221 | Elf:3    | Entered Level 3 of the Elven Halls
 38254 | Elf:3    | Got a pair of jewelled gloves
 38326 | Elf:3    | Identified the +2 pair of gloves of Ru's Hope {rC+ Dex+3} (You found it on level 3 of the Elven Halls)
 38512 | Elf:3    | Identified a scroll of acquirement
 38515 | Elf:3    | Got a jewelled hat
 38516 | Elf:3    | Identified the -2 hat "Hero's Friend" {rN+ Regen+ Dex+4} (You acquired it on level 3 of the Elven Halls)
 38819 | Elf:3    | Reached skill level 10 in Evocations
 38838 | Elf:3    | Received a gift from Okawaru
 38839 | Elf:3    | Got a steaming scale mail {god gift}
 38899 | Elf:3    | Identified the +6 scale mail of Bezeiwk {+Inv rElec rF++ Str-4} (Okawaru gifted it to you on level 3 of the Elven Halls)
 38950 | Elf:3    | Noticed a Hell Sentinel
 39131 | Elf:3    | Reached skill level 14 in Fighting
 39145 | Elf:3    | Found the +10 zealot's sword {holy, *Rage rN+ EV+3}
 39151 | Elf:3    | Found the +8 autumn katana {slice, Clar}
 39226 | Elf:3    | Identified the Reference Book on Dusty Dislocation
 39241 | Elf:3    | Got a pair of ancient gloves
 39248 | Elf:3    | Identified the cursed +0 pair of gloves of Ynoaqox {-Cast rF+ rN+ MR+++} (You found it on level 3 of the Elven Halls)
 39302 | Elf:3    | Identified Aciutra's Volume of Earth and the Voyage
 39341 | Elf:3    | Got a steaming scale mail
 39342 | Elf:3    | Identified the +5 scale mail "Minuttyv" {Int+3} (You found it on level 3 of the Elven Halls)
 39520 | Elf:3    | Got a fine scimitar
 39521 | Elf:3    | Identified the cursed +0 scimitar of Fulirakk {vamp, *Noise rF+ Dex+2} (You found it on level 3 of the Elven Halls)
 40140 | D:12     | Gained mutation: You resist negative energy. (rN+) [demonic ancestry]
 40140 | D:12     | Reached XP level 19. HP: 152/152 MP: 26/26
 41108 | D:13     | Found a gate to the Vaults.
 41360 | D:13     | Identified Wededad's Further Progress in Spellweaving
 41369 | D:13     | Got a spiked chain mail
 41381 | D:13     | Identified the cursed +0 chain mail of Weadwe {Str+3} (You took it off a skeletal warrior on level 13 of the Dungeon)
 42059 | D:14     | Received a gift from Okawaru
 42412 | D:15     | Entered Level 15 of the Dungeon
 42599 | D:15     | Reached skill level 15 in Shields
 43256 | D:15     | Found a staircase to the Depths.
 43330 | D:15     | Noticed Roxanne
 43388 | D:15     | Killed Roxanne
 43514 | Vaults:1 | Entered Level 1 of the Vaults
 43674 | Vaults:1 | Reached skill level 15 in Fighting
 43716 | Vaults:1 | Received a gift from Okawaru
 43719 | Vaults:1 | Got a pair of warped boots {god gift}
 43720 | Vaults:1 | Identified the +0 pair of boots of Liberalism {rF++ Dex+5} (Okawaru gifted it to you on level 1 of the Vaults)
 43955 | Vaults:1 | Found a magical portal.
 44288 | Vaults:1 | Reached XP level 20. HP: 127/162 MP: 20/27
 44959 | Vaults:1 | Received a gift from Okawaru
 45413 | Vaults:2 | Upgraded the game from 0.22-a0-248-gc8378ba to 0.22-a0-252-gcace5d2
 45783 | Vaults:2 | Reached skill level 16 in Fighting
 46101 | Vaults:2 | Found Jila's Magic Scroll Shoppe.
 46969 | Vaults:3 | Received a gift from Okawaru
 47210 | Vaults:3 | Reached skill level 15 in Dodging
 47715 | Vaults:3 | Found a staircase to the Crypt.
 47715 | Vaults:3 | Found an ancient bone altar of Kikubaaqudgha.
 47715 | Vaults:3 | Found a basalt altar of Yredelemnul.
 47872 | Vaults:3 | Gained mutation: You are somewhat able to resist unholy torments (1 in 2 success). [demonic ancestry]
 47872 | Vaults:3 | Reached XP level 21. HP: 172/172 MP: 28/28
 48051 | Vaults:3 | Found a snail-covered altar of Cheibriados.
 48165 | Vaults:3 | Reached skill level 17 in Fighting
 48851 | Vaults:4 | Received a gift from Okawaru
 48866 | Vaults:4 | Reached skill level 15 in Armour
 49211 | Vaults:4 | Found a ruined gateway.
 49366 | Vaults:4 | Received a gift from Okawaru
 49372 | Vaults:4 | Got a bronze crystal plate armour {god gift}
 49373 | Vaults:4 | Identified the +5 crystal plate armour of Experimentation {Int+3} (Okawaru gifted it to you on level 4 of the Vaults)
 49474 | Vaults:2 | Bought a scroll of brand weapon for 220 gold pieces
 49474 | Vaults:2 | Bought a scroll of summoning for 104 gold pieces
 49474 | Vaults:2 | Bought a scroll of enchant weapon for 82 gold pieces
 50283 | Vaults:5 | Entered Level 5 of the Vaults
 50290 | Vaults:5 | Noticed Mara
 50303 | Vaults:5 | Noticed Partyfoot's illusion
 50653 | Vaults:4 | Received a gift from Okawaru
 50658 | Vaults:4 | Gained mutation: You are mostly covered in sharp spines. [demonic ancestry]
 50658 | Vaults:4 | Reached XP level 22. HP: 71/183 MP: 10/29
 50822 | Vaults:5 | Reached skill level 18 in Fighting
 50991 | Vaults:5 | Noticed a golden dragon
 50999 | Vaults:4 | HP: 4/184 [stone giant/large rock (14)]
 51275 | Vaults:4 | Killed a golden dragon
 51330 | Vaults:5 | Noticed Partyfoot's illusion
 51497 | Vaults:5 | Noticed Partyfoot's illusion
 51523 | Vaults:5 | Received a gift from Okawaru
 51525 | Vaults:5 | Noticed Partyfoot's illusion
 51691 | Vaults:5 | Killed Mara
 52250 | Vaults:5 | Noticed a golden dragon
 52255 | Vaults:5 | Noticed a golden dragon
 52267 | Vaults:5 | Killed a golden dragon
 52295 | Vaults:5 | Killed a golden dragon
 52483 | Vaults:5 | Identified the Almanac of Noxious Unholy Rites
 52492 | Vaults:5 | Found the +8 demon blade "Leech" {vamp, rN+ AC-3 EV-3}
 52650 | Vaults:5 | Noticed a golden dragon
 52658 | Vaults:5 | Killed a golden dragon
 52734 | Vaults:5 | Received a gift from Okawaru
 52889 | Vaults:5 | Gained mutation: You have claws for feet. [demonic ancestry]
 52889 | Vaults:5 | Reached XP level 23. HP: 192/192 MP: 30/30
 52981 | Vaults:5 | Noticed Jorgrun
 52986 | Vaults:5 | Killed Jorgrun
 52992 | Vaults:5 | Reached skill level 19 in Fighting
 53065 | Vaults:5 | Received a gift from Okawaru
 53068 | Vaults:5 | Got a faintly glowing demon whip {god gift}
 53069 | Vaults:5 | Identified the +1 demon whip of Pyromania {pain, Fragile Str-3 Dex+7 Stlth+} (Okawaru gifted it to you on level 5 of the Vaults)
 53297 | Vaults:5 | Got a silver rune of Zot
 53666 | Depths:1 | Entered Level 1 of the Depths
 53724 | Depths:1 | Found a gateway to Hell.
 53737 | Depths:1 | Found a runed gate.
 53737 | Depths:1 | Found a runed gate.
 53737 | Depths:1 | Found a runed gate.
 53738 | Depths:1 | Found a runed gate.
 53738 | Depths:1 | Found a runed gate.
 53738 | Depths:1 | Found a runed gate.
 53795 | Depths:1 | Found a gateway to a ziggurat.
 53977 | Depths:1 | Received a gift from Okawaru
 54496 | Depths:1 | Found a one-way gate leading to the halls of Pandemonium.
 54755 | Depths:1 | Received a gift from Okawaru
 55272 | Depths:2 | Reached XP level 24. HP: 174/203 MP: 24/30
 56134 | Depths:2 | Reached skill level 20 in Fighting
 56155 | Depths:2 | Received a gift from Okawaru
 56169 | Depths:2 | Got a twitching pewter amulet
 56762 | Depths:3 | Received a gift from Okawaru
 56877 | Depths:3 | Noticed a juggernaut
 56891 | Depths:3 | Killed a juggernaut
 56906 | Depths:3 | Noticed an ancient lich
 56914 | Depths:3 | Killed an ancient lich
 57053 | Depths:3 | Identified the Incunabulum of Excruciating Companions
 57135 | Depths:3 | Received a gift from Okawaru
 57509 | Depths:3 | Reached skill level 21 in Fighting
 58297 | Depths:4 | Gained mutation: Your melee attacks may debilitate your foes. [demonic ancestry]
 58297 | Depths:4 | Reached XP level 25. HP: 214/214 MP: 30/30
 58569 | Depths:4 | Noticed a juggernaut
 58596 | Depths:4 | Killed a juggernaut
 58598 | Depths:4 | Received a gift from Okawaru
 58895 | Depths:4 | Identified the amulet "Bihaul" {rF+ MR+ Regen+ Dex+2} (You found it on level 2 of the Depths)
 59032 | Depths:4 | Reached skill level 22 in Fighting
 59228 | Depths:4 | Got a warped jade ring
 59229 | Depths:4 | Identified the ring "Uzxai" {+Blink rF+ Int-5 Stlth+} (You took it off a frost giant on level 4 of the Depths)
 59547 | Depths:4 | Noticed a juggernaut
 59555 | Depths:4 | Killed a juggernaut
 59654 | Depths:4 | Received a gift from Okawaru
 59978 | Depths:4 | Found a one-way gate to the infinite horrors of the Abyss.
 60007 | Depths:5 | Entered Level 5 of the Depths
 60009 | Depths:5 | Found Pigy's Jewellery Emporium.
 60009 | Depths:5 | Found Fopteulu's Jewellery Emporium.
 60010 | Depths:5 | Found Utooll's Gadget Shop.
 60034 | Depths:5 | Bought the ring of Phasing {EV+8} for 2688 gold pieces
 60034 | Depths:5 | Found the ring of Phasing {EV+8}
 60122 | Depths:5 | Reached XP level 26. HP: 227/227 MP: 30/30
 60757 | Depths:5 | Reached skill level 23 in Fighting
 60771 | Depths:5 | Found a gate to the Realm of Zot.
 60939 | Depths:5 | Received a gift from Okawaru
 61353 | Zot:1    | Entered Level 1 of the Realm of Zot
 63769 | Zot:3    | Received a gift from Okawaru
 64292 | Zot:3    | Found a transporter.
 64391 | Zot:3    | Gained mutation: You are completely covered in sharp spines. [demonic ancestry]
 64391 | Zot:3    | Reached XP level 27. HP: 228/237 MP: 28/30
 64678 | Zot:3    | Received a gift from Okawaru
 65126 | Zot:4    | Reached skill level 24 in Fighting
 65159 | Zot:4    | Noticed an orb of fire
 65170 | Zot:4    | Gained mutation: You are weak. (Str -2) [an orb of fire]
 65180 | Zot:4    | Gained mutation: You do not regenerate when monsters are visible. [an orb of fire]
 65183 | Zot:4    | Gained mutation: Your spells are a little easier to cast, but a little less powerful. [an orb of fire]
 65186 | Zot:4    | Killed an orb of fire
 65864 | Zot:5    | Entered Level 5 of the Realm of Zot
 65999 | Zot:5    | Noticed an ancient lich
 66013 | Zot:5    | Killed an ancient lich
 66122 | Zot:5    | Noticed an ancient lich
 66130 | Zot:5    | Killed an ancient lich
 66179 | Zot:5    | Noticed an orb of fire
 66191 | Zot:5    | Gained mutation: Your body sometimes deteriorates upon taking damage. [an orb of fire]
 66209 | Zot:5    | Killed an orb of fire
 66209 | Zot:5    | Received a gift from Okawaru
 66535 | Zot:5    | Noticed an orb of fire
 66569 | Zot:5    | Killed an orb of fire
 66579 | Zot:5    | Noticed an orb of fire
 66589 | Zot:5    | Gained mutation: Scrolls take you a little longer to read. [an orb of fire]
 66610 | Zot:5    | Killed an orb of fire
 66824 | Zot:5    | Noticed an orb of fire
 66841 | Zot:5    | Killed an orb of fire
 67051 | Zot:5    | Noticed an orb of fire
 67053 | Zot:5    | Gained mutation: Armour fits poorly on your strangely shaped body. [an orb of fire]
 67067 | Zot:5    | Killed an orb of fire
 67067 | Zot:5    | Received a gift from Okawaru
 67070 | Zot:5    | Noticed an orb of fire
 67071 | Zot:5    | Gained mutation: You are occasionally teleported next to monsters. [an orb of fire]
 67077 | Zot:5    | Gained mutation: You occasionally shout uncontrollably at your foes. [an orb of fire]
 67084 | Zot:5    | Gained mutation: Your body often deteriorates upon taking damage. [an orb of fire]
 67087 | Zot:5    | Killed an orb of fire
 67087 | Zot:5    | Received a gift from Okawaru
 67179 | Zot:5    | Reached skill level 25 in Fighting
 67492 | Zot:5    | Got the Orb of Zot
 67503 | Zot:5    | Noticed Ynoinow the pandemonium lord
 67635 | Zot:1    | Noticed Ytaoll the pandemonium lord
 67724 | Depths:4 | Killed Ytaoll the pandemonium lord
 67832 | Depths:2 | Noticed Fagiach the pandemonium lord
 67837 | Depths:2 | Noticed an ancient lich
 67919 | D:12     | Noticed Zaykhlid the pandemonium lord
 67924 | D:11     | Lost mutation: Your spells are a little easier to cast, but a little less powerful. [potion of mutation]
 67924 | D:11     | Lost mutation: Your body often deteriorates upon taking damage. [potion of mutation]
 67924 | D:11     | Gained mutation: You have a pair of small antennae on your head. [potion of mutation]
 67924 | D:11     | Lost mutation: You are weak. (Str -2) [potion of mutation]
 67925 | D:11     | Killed from afar by Zaykhlid the pandemonium lord

Vault maps used:
D:1:      giann_wishing_wells, hangedman_decor_clover_reticule,
          minmay_tromino_i4
D:2:      nemelex_xobeh_ov_fountains_minmay, first_ration,
          minmay_misc_feat_enclosed, minmay_unequal, uniq_terence
D:3:      tso_metal_star
D:4:      serial_shops, kennysheep_mini, enter_ossuary_2, serial_bayou_pond_a,
          kennysheep_cross_room, led_sif_book
D:5:      old_standard_altar, minmay_temple_entry_glassed_door, basic_altar,
          uniq_grinder, uniq_sigmund, uniq_ijyb
D:6:      lemuel_crystal_altar, hex_medium, fedhas_altar_fruit_tree
D:7:      gammafunk_temple_overflow_arena, grunt_ministairs_11, grunt_livestock,
          minmay_misc_feat_four_crosses, uniq_prince_ribbit1
D:8:      kennysheep_mini_moat, dpeg_lair_monsters,
          hangedman_abyss_or_decor_stagger, wad_rectangle_vault
D:9:      slow_altar_1, grunt_temple_overflow_open, serial_shops, shop_coins,
          uniq_erolcha, uniq_pikel
D:11:     zombieorc2_lemuel
D:12:     enter_bailey_3, kennysheep_generic_room_8
D:13:     minmay_the_grid_triangle_9x9_rhombus_thin, erik_vaults_2
D:14:     minmay_misc_feat_pillars
D:15:     grunt_enter_depths_magical_seal, nicolae_lava_and_water, uniq_roxanne
Temple:   nicolae_temple_figure_eight
Lair:1:   portal_ice_cave_entry_ice_beasts, minmay_hedge_maze, st_stairs_12,
          beast_lair_carwin_7
Lair:2:   grunt_megastairs_4, infiniplex_staircase_pool_2
Lair:3:   swamp_mist, special_room, uniq_snorg
Lair:4:   onia_ninara_swampy_vault, nicolae_spider_entry_tight_spaces,
          uniq_kirke
Lair:5:   nicolae_slime_entry_slimehenge, beast_lair_carwin_1
Lair:6:   gammafunk_lair_ancient_temple
Swamp:1:  hangedman_swamp_diagram, swamp_pool3
Swamp:2:  basic_altar
Swamp:3:  hangedman_swamp_ruin_wall
Swamp:4:  swamp_alternative
Spider:1: nicolae_spider_mines_2, spider_trap, nicolae_spider_shape
Spider:4: spider_rune_water, spider_trap, hangedman_stitches_earthworm,
          uniq_donald
Orc:2:    st_orc_congregation, serial_shops, shop_fountains, uniq_saint_roka
Elf:1:    eino_elf_arrival_altar, minmay_elf_necromancy, uniq_aizul, uniq_agnes
Elf:3:    minmay_elf_hall, library_closet
Vaults:1: hangedman_vaults_stagger, nicolae_vaults_diagonal_hallway_8,
          dpeg_vaults_monster_row, vaults_room_semicircle,
          ontoclasm_vaults_gateway, nicolae_vaults_big_ls,
          nicolae_vaults_windows_and_doors_thing, v_misc_30,
          vaults_mumra_minichess_inversion, vaults_dpeg_spiral,
          mu_enter_wizlab_2
Vaults:2: nicolae_vaults_little_squares_5, nicolae_vaults_minivaults, v_misc_13,
          nicolae_vaults_little_squares_1, v_misc_4, v_misc_3,
          nicolae_vaults_big_angled_halls, nicolae_vaults_little_squares_6,
          serial_shops, shop
Vaults:3: v_misc_24, nicolae_vaults_network_quincunx,
          ontoclasm_vaults_ring_square, st_smaller_cells,
          minmay_crypt_entry_necro_gods, v_rooms_3, hangedman_vaults_slice,
          nicolae_vaults_little_squares_4, basic_altar
Vaults:4: ontoclasm_vaults_eye, v_rooms_6, ontoclasm_vaults_tryst,
          nicolae_vaults_disjoint_gnomons, hangedman_vaults_stretched_pinwheel,
          vaults_room_pools, vaults_dpeg_encased_lava,
          nicolae_vaults_mini_display_case, ontoclasm_vaults_spin,
          nicolae_vaults_little_ls, ontoclasm_vaults_shuriken, v_misc_24,
          v_misc_32, ontoclasm_vaults_gallery, portal_desolation_entry_garden
Vaults:5: uniq_jorgrun, uniq_mara
Depths:1: enter_ziggurat_f, rand_demon_pan_entry_4, hell_entry,
          serial_sigils_hangedman_gnaw, minmay_door_square,
          brannock_guarded_unrand_thermic_engine, serial_bayou_shore_b
Depths:2: minmay_skeleton_keep, grunt_pan_entry_spiral, glass_columns_b,
          hell_entry, infiniplex_staircase_trident
Depths:3: cell_vault, rand_demon_pan_entry_8, minmay_misc_feat_more_columns,
          hell_entry, kennysheep_random_hallway
Depths:4: minmay_octagon_city, abyss_entry_small_statue_room, grunt_hell_horde,
          hangedman_abyss_or_decor_slice, minmay_staircase_bubble
Depths:5: grunt_zot_entry_gee_three, minmay_room_of_horrors, hell_entry,
          minmay_misc_feat_square, minivault_16, minmay_shop_grove
Zot:3:    gammafunk_the_bubble, st_small_dragon_hoard_4
Ossuary:  ossuary_due_pyramid
IceCv:    ice_cave_statue_garden_chambered

Skill      XL: |  1  2  3  4  5  6  7  8  9 10 11 12 13 14 15 16 17 18 19 20 21 22 23 24 25 26 27 |
---------------+----------------------------------------------------------------------------------+-----
Maces & Flails | 2 3 4 5 6 8 9 11 13 14 15 16 | 16.0
Armour         | 3 4 5 6 8 9 10 11 13 14 15 16 17 18 19 20 21 | 21.9
Shields        | 3 4 5 6 7 8 10 11 12 13 14 15 16 18 19 20 22 | 22.3
Fighting       | 4 5 6 8 9 10 11 12 13 14 15 16 17 18 19 21 22 23 25 | 25.2
Invocations    | 2 5 8 10 | 10.0
Evocations     | 1 3 5 7 9 10 | 10.0
Dodging        | 1 5 8 10 11 12 14 15 16 17 18 19 20 | 20.0

Action                   |  1- 3 |  4- 6 |  7- 9 | 10-12 | 13-15 | 16-18 | 19-21 | 22-24 | 25-27 || total
-------------------------+-------+-------+-------+-------+-------+-------+-------+-------+-------++-------
Melee: Flail             |   121 |   173 |   211 |   426 |       |       |       |       |       ||   931
       Kick              |       |    30 |    66 |    45 |       |       |       |   598 |  1082 ||  1821
       Morningstar       |       |       |       |   232 |   202 |       |       |       |       ||   434
       Eveningstar       |       |       |       |       |   992 |  1201 |  1598 |  1443 |  1768 ||  7002
Throw: Javelin           |       |       |       |       |       |     1 |       |       |       ||     1
Invok: Heroism           |       |       |     2 |    20 |    29 |    34 |    24 |    26 |    30 ||   165
       Finesse           |       |       |       |       |     4 |       |       |     4 |    10 ||    18
 Abil: Evoke Berserk Rag |       |       |       |     3 |     1 |     3 |       |     1 |       ||     8
       Stop Flying       |       |       |       |       |       |     1 |       |       |       ||     1
Evoke: Wand              |       |       |       |     1 |       |     3 |       |       |     1 ||     5
  Use: Potion            |     1 |     1 |     5 |     3 |     2 |     3 |     4 |     8 |     4 ||    31
       Scroll            |       |    11 |       |     7 |    14 |    24 |     8 |     4 |     5 ||    73
 Stab: Sleeping          |       |     1 |     2 |    29 |    11 |     8 |       |     2 |       ||    53
       Invisible         |       |       |     3 |       |       |       |       |       |       ||     3
       Distracted        |       |       |       |     2 |     3 |     7 |       |       |       ||    12
       Confused          |       |       |       |       |       |     1 |       |       |       ||     1
  Eat: Chunk             |     1 |     5 |     7 |    24 |    35 |    18 |    26 |     4 |     7 ||   127
       Ration            |       |     1 |     1 |     2 |     2 |     7 |     3 |     7 |     7 ||    30
Armor: Scale mail        |    79 |    57 |    55 |   180 |    26 |       |       |       |       ||   397
       Plate armour      |       |       |       |       |   154 |     5 |   247 |   245 |   261 ||   912
       Chain mail        |       |       |       |       |   163 |   220 |       |       |       ||   383
Dodge: Dodged            |    48 |    48 |    36 |   186 |   272 |   416 |   678 |   639 |   818 ||  3141
Block: Shield            |    65 |    89 |   120 |   555 |  1157 |  1062 |  1677 |   173 |       ||  4898
       Large shield      |       |       |       |       |       |       |       |  1599 |  2113 ||  3712

Table legend:
 A = Spawn XP
 B = Non-spawn XP
 C = Spawn XP percentage of total XP
 D = Spawn monster count
 E = Non-spawn monster count
 F = Spawn count percentage of total count
 G = Total turns spent on level
                    A         B        C        D         E        F      G
               +---------+---------+-------+---------+---------+-------+---------
         Total |       0 | 1759426 |   0.0 |       0 |    2484 |   0.0 | 67925
               +---------+---------+-------+---------+---------+-------+---------
           D:1 |       0 |      43 |   0.0 |       0 |      27 |   0.0 |  1105
           D:2 |       0 |     118 |   0.0 |       0 |      28 |   0.0 |   847
           D:3 |       0 |      41 |   0.0 |       0 |      17 |   0.0 |   786
           D:4 |       0 |     500 |   0.0 |       0 |      14 |   0.0 |  1503
           D:5 |       0 |    1341 |   0.0 |       0 |      33 |   0.0 |   807
           D:6 |       0 |     523 |   0.0 |       0 |      16 |   0.0 |   501
           D:7 |       0 |    2135 |   0.0 |       0 |      16 |   0.0 |  1238
           D:8 |       0 |    5840 |   0.0 |       0 |      35 |   0.0 |  1294
           D:9 |       0 |    4934 |   0.0 |       0 |      37 |   0.0 |  1091
          D:10 |       0 |    2579 |   0.0 |       0 |      22 |   0.0 |  1113
          D:11 |       0 |    6439 |   0.0 |       0 |      70 |   0.0 |  2343
          D:12 |       0 |    5978 |   0.0 |       0 |      29 |   0.0 |  1028
          D:13 |       0 |   19666 |   0.0 |       0 |      47 |   0.0 |  1201
          D:14 |       0 |    7421 |   0.0 |       0 |      20 |   0.0 |   582
          D:15 |       0 |   22043 |   0.0 |       0 |      43 |   0.0 |  1124
        Lair:1 |       0 |    5657 |   0.0 |       0 |      33 |   0.0 |  1389
        Lair:2 |       0 |    2795 |   0.0 |       0 |      14 |   0.0 |  1013
        Lair:3 |       0 |   11042 |   0.0 |       0 |      50 |   0.0 |  2328
        Lair:4 |       0 |   12882 |   0.0 |       0 |      28 |   0.0 |  1891
        Lair:5 |       0 |    9533 |   0.0 |       0 |      34 |   0.0 |  1525
        Lair:6 |       0 |   12972 |   0.0 |       0 |      34 |   0.0 |  1901
       Swamp:1 |       0 |   10796 |   0.0 |       0 |      38 |   0.0 |  1137
       Swamp:2 |       0 |   15339 |   0.0 |       0 |      41 |   0.0 |  1149
       Swamp:3 |       0 |   17587 |   0.0 |       0 |      44 |   0.0 |  1070
       Swamp:4 |       0 |   19611 |   0.0 |       0 |      46 |   0.0 |  1025
      Spider:1 |       0 |   19134 |   0.0 |       0 |      58 |   0.0 |   830
      Spider:2 |       0 |   11296 |   0.0 |       0 |      37 |   0.0 |   813
      Spider:3 |       0 |   19137 |   0.0 |       0 |      42 |   0.0 |  1089
      Spider:4 |       0 |   29980 |   0.0 |       0 |      59 |   0.0 |  1620
         Orc:1 |       0 |    2469 |   0.0 |       0 |      10 |   0.0 |   515
         Orc:2 |       0 |   20743 |   0.0 |       0 |     120 |   0.0 |  2180
         Elf:1 |       0 |   25615 |   0.0 |       0 |      39 |   0.0 |  1394
         Elf:2 |       0 |   42919 |   0.0 |       0 |      61 |   0.0 |  1794
         Elf:3 |       0 |   58596 |   0.0 |       0 |      52 |   0.0 |  1712
      Vaults:1 |       0 |   75415 |   0.0 |       0 |     121 |   0.0 |  1920
      Vaults:2 |       0 |   39775 |   0.0 |       0 |      57 |   0.0 |  1435
      Vaults:3 |       0 |   69016 |   0.0 |       0 |     111 |   0.0 |  2085
      Vaults:4 |       0 |   96061 |   0.0 |       0 |      99 |   0.0 |  2803
      Vaults:5 |       0 |  172138 |   0.0 |       0 |     119 |   0.0 |  1803
      Depths:1 |       0 |   84145 |   0.0 |       0 |      96 |   0.0 |  1398
      Depths:2 |       0 |   74712 |   0.0 |       0 |     122 |   0.0 |  1358
      Depths:3 |       0 |  103068 |   0.0 |       0 |      84 |   0.0 |  1806
      Depths:4 |       0 |  164372 |   0.0 |       0 |     113 |   0.0 |  1936
      Depths:5 |       0 |   61062 |   0.0 |       0 |      62 |   0.0 |  1401
         Zot:1 |       0 |   41445 |   0.0 |       0 |      31 |   0.0 |  1129
         Zot:2 |       0 |   52016 |   0.0 |       0 |      37 |   0.0 |  1324
         Zot:3 |       0 |   60774 |   0.0 |       0 |      39 |   0.0 |  1294
         Zot:4 |       0 |   47757 |   0.0 |       0 |      21 |   0.0 |   851
         Zot:5 |       0 |  188590 |   0.0 |       0 |      55 |   0.0 |  1698
       Ossuary |       0 |      27 |   0.0 |       0 |      16 |   0.0 |   401
         IceCv |       0 |    1349 |   0.0 |       0 |       7 |   0.0 |   163
               +---------+---------+-------+---------+---------+-------+---------
